 Dungeon Crawl Stone Soup version 0.27-a0-1228-gfd60fd639a (webtiles) character file.

Game seed: 785665828385525532

937 robertstho the Magician (level 8, -3/56 HPs)
             Began as a Djinni Fire Elementalist on June 7, 2021.
             Was an Initiate of Gozag.
             Slain by a killer bee (7 damage)
             ... on level 5 of the Dungeon.
             The game lasted 00:07:54 (6315 turns).

robertstho the Magician (Djinni Fire Elementalist)  Turns: 6315, Time: 00:07:56

Health: -3/56      AC:  2    Str:  6 (7)  XL:     8   Next: 34%
Gold:   150        EV: 12    Int: 18      God:    Gozag SH:  0 Dex: 13

rFire    + + .     SeeInvis .   f - +1 trident (venom)
rCold    x . .     Faith    .   (no shield)
rNeg     . . .     Spirit   .   a - +1 robe
rPois    ∞         Reflect  .   (helmet restricted)
rElec    .         Harm     .   (no cloak)
rCorr    .         Rampage  .   (no gloves)
Will     .....                  (boots unavailable)
Stlth    ++........             (no amulet)
HPRegen  0.18/turn              (no ring)
MPRegen  0.00/turn              (no ring)

@: gold aura, flying, very slightly contaminated
A: sickness immunity, fire resistance 2, cold vulnerability 1, float, innate
caster, hp casting, extra vitality 1, horns 1, deformed body, dopey 1,
MP-powered wands
a: Renounce Religion, Potion Petition, Call Merchant, Bribe Branch


You were on level 5 of the Dungeon.
You worshipped Gozag.
Gozag was aware of your devotion.
You visited 1 branch of the dungeon, and saw 6 of its levels.

You collected 242 gold pieces.
You paid 92 gold pieces to Gozag.

Inventory:

Hand Weapons
 d - a +0 short sword
 f - a +1 trident of venom (weapon)
Armour
 a - a +1 robe (worn)
Scrolls
 n - a scroll of enchant armour
 s - 2 scrolls of torment
Potions
 b - a potion of might
 e - a potion of cancellation {unknown}
 h - a potion of attraction
 i - a potion of haste
 j - a potion of magic {unknown}
 m - a potion of lignification
 q - a potion of brilliance {unknown}
 t - 2 potions of flight


   Skills:
 * Level 3.1 Fighting
 + Level 0.6 Polearms
 + Level 2.6 Dodging
 + Level 2.9 Stealth
 * Level 6.3 Spellcasting


You couldn't memorise any spells.
You knew the following spells:

 Your Spells              Type           Power      Damage    Failure   Level
a - Foxfire               Conj/Fire      100%       2x1d9     1%          1
b - Conjure Flame         Conj/Fire      28%        6-21      2%          3
c - Inner Flame           Hex/Fire       28%        N/A       2%          3
d - Sticky Flame          Conj/Fire      28%        2d5       9%          4
e - Fireball              Conj/Fire      14%        3d8       24%         5
f - Sting                 Tmut/Pois      100%       1d8       1%          1
g - Blink                 Tloc           N/A        N/A       1%          2
h - Slow                  Hex            28%        N/A       1%          2
Your spell library was empty.

Dungeon Overview and Level Annotations

Branches:
Dungeon (6/15)
 Temple: D:4-7

Altars:
Gozag
Sif Muna
Uskayaw

Annotations:
D:6 Pikel


Innate Abilities, Weirdness & Mutations

You are immune to sickness and miasma.
You are immune to poison.
Your flesh is very heat resistant. (rF++)
You are vulnerable to cold. (rC-)
You float through the air rather than walking.
You learn spells naturally, not from books.
Your magical power is your life essence.
You have superior vitality. (+4 HP)
You have a pair of small horns on your head.
Armour fits poorly on your strangely shaped body.
You are dopey. (Int -2)
You expend health (3 HP) to strengthen your wands.


Message History

The sticky flame hits the killer bee.
The killer bee is moderately wounded.
The killer bee is covered in liquid flames!
The killer bee burns!
The killer bee is distracted by your dazzling golden aura, dreaming of imaginary riches.
The killer bee burns!
The killer bee is no longer distracted by gold.
The killer bee stings you.
There is an open door here.
The killer bee burns!
The killer bee barely misses you.
The killer bee burns!
You kill the killer bee!
The killer bee closely misses you.
You feel your strength returning. The killer bee closely misses you.
Casting: Sticky Flame (dangerous; 8% risk of failure)
Confirm with . or Enter, or press ? or * to list all spells.
Aiming: Sticky Flame (dangerous; 8% risk of failure)
Press: ? - help, Shift-Dir - straight line, f - killer bee
Aim: a killer bee (100% to hit)
You miscast Sticky Flame.
You are very lightly contaminated with residual magic.
Nothing appears to happen.
The killer bee stings you.
* * * LOW HITPOINT WARNING * * *
The killer bee stings you.
* * * LOW HITPOINT WARNING * * *
Unknown command.
The killer bee closely misses you.
It was a potion of flight.
You feel more buoyant. The killer bee stings you.
* * * LOW HITPOINT WARNING * * *
The killer bee barely misses you.
It was a potion of mutation.
You feel extremely strange.
You feel stupid. A pair of horns grows on your head!
Your body twists and deforms.
You feel your magical essence link to the dungeon's wands.
The killer bee stings you!
You die...
Your body crumbles into a pile of gold.

#.....#...# #.##..##
##'#'##...# #.###.##
#.#.##...# #.# #.## ...o.z...
#.#.##...# #.# #.## .........
#.#.##...# #.# #..# .....o...
#.#.##...###.# ##.# ........#
#.#..'...'...# #.. ........#
#.####...#########. ........#
#.@y...............
........#######oo....########.
........$$.o.o$......+........
........#######o.....#########
###+##### #......#########
#..............#
#..............#
#..............#
#..............#


You could see a killer bee and 2 orcs.

Vanquished Creatures
  A water moccasin (D:5)
  A black bear (D:5)
  An ogre (D:4)
  A phantom (D:6)
  A wyvern zombie (D:6)
  A water moccasin skeleton (D:3)
  3 killer bees (D:5)
  A howler monkey (D:4)
  A hound (D:5)
  A jelly (D:4)
  An iguana (D:6)
  3 orc wizards
  4 adders
  A worm (D:4)
  4 dart slugs
  12 orcs
  10 ball pythons
  4 bats
  4 endoplasms
  4 giant cockroaches
  12 goblins
  6 hobgoblins
  15 jackals
  6 quokkas
  4 frilled lizards
  5 kobolds
  7 rats
114 creatures vanquished.

Vanquished Creatures (others)
  491 foxfires
  A plant (D:6)
492 creatures vanquished.

Grand Total: 606 creatures vanquished

Notes
Turn   | Place    | Note
-------+----------+-------------------------------------------
     0 | D:1      | robertstho the Djinni Fire Elementalist began the quest for
                  | the Orb.
     0 | D:1      | Reached XP level 1. HP: 15/15 MP: 0/0
   251 | D:1      | Reached XP level 2. HP: 16/21 MP: 0/0
   846 | D:1      | Reached skill level 1 in Fighting
  1021 | D:1      | Reached XP level 3. HP: 25/27 MP: 0/0
  1021 | D:1      | Learned a level 1 spell: Sting
  1084 | D:1      | Reached skill level 3 in Spellcasting
  1351 | D:1      | Found a faded altar of an unknown god.
  2085 | D:2      | Reached XP level 4. HP: 26/32 MP: 0/0
  3360 | D:3      | Reached XP level 5. HP: 24/38 MP: 0/0
  3360 | D:3      | Learned a level 2 spell: Blink
  3639 | D:3      | Reached skill level 4 in Spellcasting
  3877 | D:3      | Reached XP level 6. HP: 36/43 MP: 0/0
  5057 | D:4      | Noticed an ogre
  5064 | D:4      | Killed an ogre
  5065 | D:4      | Reached skill level 5 in Spellcasting
  5065 | D:4      | Reached XP level 7. HP: 42/49 MP: 0/0
  5065 | D:4      | Learned a level 2 spell: Slow
  5174 | D:4      | You are sucked into a shaft and drop 2 floors!
  5252 | D:6      | Noticed a water moccasin
  5255 | D:6      | Noticed Pikel
  5707 | D:6      | Found a hide-covered altar of Uskayaw.
  5827 | D:5      | Entered Level 5 of the Dungeon
  5917 | D:5      | Found an opulent altar of Gozag.
  5932 | D:5      | Became a worshipper of Gozag Ym Sagoz the Greedy
  6110 | D:5      | Noticed a water moccasin
  6115 | D:5      | Killed a water moccasin
  6116 | D:5      | Reached skill level 6 in Spellcasting
  6116 | D:5      | Reached XP level 8. HP: 50/55 MP: 0/0
  6315 | D:5      | Gained mutation: You are dopey. (Int -2) [potion of
                  | mutation]
  6315 | D:5      | Gained mutation: You have a pair of small horns on your
                  | head. [potion of mutation]
  6315 | D:5      | Gained mutation: Armour fits poorly on your strangely
                  | shaped body. [potion of mutation]
  6315 | D:5      | Gained mutation: You expend health (3 HP) to strengthen
                  | your wands. [potion of mutation]
  6315 | D:5      | Slain by a killer bee

Illustrated notes

Levels and vault maps discovered:
D:1:      lemuel_arrival_river_bridge, layout_loops_cross,
          ebering_ecumenical_altar_box
D:2:      layout_loops_ring
D:3:      layout_basic, kennysheep_orc_sif_temple, minmay_vboxes
D:4:      layout_cave_pods, uniq_edmund
D:5:      layout_basic, chei_slow_surprise, grunt_gozag_breadcrumbs
D:6:      corexii_shack_village, layout_layer_cave, kennysheep_mini,
          water_boxes_lemuel, uniq_duvessa, uniq_pikel

Skill      XL: |  1  2  3  4  5  6  7  8 |
---------------+-------------------------+-----
Fighting       | 1 2 3 |  3.1
Spellcasting   | 3 4 5 6 |  6.3
Stealth        | 2 |  2.9
Polearms       | |  0.6
Dodging        | |  2.6

Action                   |  1- 3 |  4- 6 |  7- 9 || total
-------------------------+-------+-------+-------++-------
Melee: Unarmed           |     2 |       |       ||     2
       Trident           |       |     9 |     8 ||    17
 Cast: Foxfire           |   108 |   172 |    24 ||   304
       Sticky Flame      |       |       |     6 ||     6
  Use: Potion            |     1 |       |     7 ||     8
       Scroll            |     1 |       |     4 ||     5
 Stab: Sleeping          |       |       |     1 ||     1
Armor: Robe              |     3 |     5 |     4 ||    12
       Skin              |       |       |     3 ||     3
Dodge: Dodged            |    10 |    15 |    20 ||    45

Table legend: (Time is in decaauts)
 A = Elapsed time spent in this place.
 B = Non-inter-level travel time spent in this place.
 C = Inter-level travel time spent in this place.
 D = Time resting spent in this place.
 E = Time spent auto-exploring this place.
 F = Levels seen in this place.
 G = Mean time per level.
                   A        B        C        D        E       F      G
               +--------+--------+--------+--------+--------+-----+--------+
         Total |   6297 |   6259 |     38 |    450 |   5080 |   6 | 1049.5 |
       Dungeon |   6297 |   6259 |     38 |    450 |   5080 |   6 | 1049.5 |
               +--------+--------+--------+--------+--------+-----+--------+

Top non-repeatable levels by time:
     D:1: 1887 daAuts
     D:3: 1597 daAuts
     D:2: 1076 daAuts
     D:6: 634 daAuts
     D:4: 614 daAuts
     D:5: 488 daAuts
